 Dungeon Crawl Stone Soup version 0.28.0-53-g5a82cb258f (webtiles) character file.

Game seed: 2129455538166682654

104 SanguineChosen the Covered (level 4, -3/29 HPs)
             Began as a Gargoyle Fighter on July 22, 2022.
             Slain by a gnoll
             ... wielding a +0 halberd
              (4 damage)
             ... on level 4 of the Dungeon.
             The game lasted 00:04:38 (2707 turns).

SanguineChosen the Covered (Gargoyle Fighter)       Turns: 2707, Time: 00:04:41

Health: -3/29      AC: 10    Str: 18 (21) XL:     4   Next: 80%
Magic:  4/4        EV:  5    Int:  8 (9)  God:
Gold:   95         SH:  0    Dex:  7 (9)  Spells: 3/3 levels left

rFire   . . .      SeeInvis .   a - +0 flail
rCold   . . .      Faith    .   c - +0 buckler
rNeg    + . .      Spirit   .   b - +0 scale mail
rPois   ∞          Reflect  .   (no helmet)
rElec   +          Harm     .   (no cloak)
rCorr   .          Rampage  .   (no gloves)
Will    .....                   (no boots)
Stlth   ..........              (no amulet)
HPRegen 0.09/turn               (no ring)
MPRegen 0.09/turn               (no ring)

@: held
A: sickness immunity, AC +3, negative energy resistance 1, electricity
resistance, torment resistance 1, petrification resistance
a: no special abilities


You were on level 4 of the Dungeon.
You visited 1 branch of the dungeon, and saw 4 of its levels.

You collected 95 gold pieces.

Inventory:

Hand Weapons
 a - a +0 flail (weapon)
Missiles
 e - 6 atropa-tipped darts (quivered)
 n - 4 poisoned darts
Armour
 b - a +0 scale mail (worn)
 c - a +0 buckler (worn)
Wands
 m - a wand of flame (23)
Scrolls
 f - a scroll of holy word {unknown}
 h - 2 scrolls of identify {unknown}
 i - a scroll of teleportation {unknown}
 k - 2 scrolls of immolation {unknown}
Potions
 d - a potion of might
 g - 3 potions of degeneration
 j - a potion of attraction {unknown}
 l - a potion of mutation {unknown}


   Skills:
 + Level 4.0 Fighting
 + Level 2.9 Maces & Flails
 + Level 4.4 Armour
 + Level 0.4 Dodging
 + Level 3.6 Shields


You had 3 spell levels left.
You didn't know any spells.
Your spell library contained the following spells:

 Spells                   Type           Power      Damage    Failure   Level
 Foxfire                  Conj/Fire      0%         2x1d4     86%         1
 Conjure Flame            Conj/Fire      0%         6-21      99%         3
 Inner Flame              Hex/Fire       0%         N/A       99%         3
 Flame Wave               Conj/Fire      0%         2d4       100%        4


Dungeon Overview and Level Annotations

Branches:
Dungeon (4/15)
 Temple: D:4-7

Altars:
Hepliaklqana

Shops:
D:1 !


Innate Abilities, Weirdness & Mutations

You are immune to sickness and miasma.
Your stone body is resilient. (AC +3)
You are immune to poison.
You resist negative energy. (rN+)
You are resistant to electric shocks. (rElec)
You are resistant to unholy torment.
You are immune to petrification.


Message History

A jelly comes into view.
Found a robe and a scroll labelled XAEHID ABIM.
The jelly quivers.
The gnoll shouts!
The gnoll throws a throwing net.
The throwing net closely misses you.
Found 16 gold pieces.
The gnoll barely misses you.
Found a stone staircase leading down.
The gnoll hits you with a +0 spear. The gnoll completely misses you.
You barely miss the gnoll. The gnoll barely misses you.
The gnoll throws a throwing net.
The throwing net hits you.
You become entangled in the net!
The gnoll hits you with a +0 spear.
You are held in a net!
You are held in a net!
You are held in a net!
You are held in a net!
You are held in a net!
You struggle against the net.
The gnoll hits you from afar with a +0 halberd.
The gnoll shaman hits you but does no damage.
The gnoll hits you but does no damage. x2
You struggle against the net.
The gnoll hits you from afar with a +0 halberd.
The gnoll shaman calls upon its god to speed up the gnoll.
The gnoll seems to speed up.
The gnoll hits you with a +2 flail of draining.
The gnoll hits you but does no damage.
You struggle against the net.
The gnoll hits you with a +2 flail of draining.
The gnoll hits you from afar with a +0 halberd!
The gnoll shaman hits you with a +0 whip.
* * * LOW HITPOINT WARNING * * *
The adder skeleton barely misses you. The gnoll hits you with a +0 spear.
* * * LOW HITPOINT WARNING * * *
It was a potion of degeneration.
There was something very wrong with that liquid.
You feel weakened.
You feel dopey.
You feel clumsy.
The gnoll hits you with a +2 flail of draining.
* * * LOW HITPOINT WARNING * * *
The gnoll hits you from afar with a +0 halberd.
You die...

#.. #..> ..
..##.$. ...##..
...#..... .......
........##.......
.......#......#
##...?...g....
##.#......$gg.#
...........@gJ#...
...........Z......
#..####..........
#...#.(.......[##
#....<...........
##..##.)...?.....
#.. .........###
#. #....>.#### #:
.........


You could see a gnoll shaman, a jelly, 3 gnolls and an adder skeleton.

Vanquished Creatures
  5 adders
  2 worms (D:3)
  A dart slug (D:1)
  4 orcs (D:3)
  3 endoplasms
  2 goblins (D:2)
  4 hobgoblins
  3 jackals (D:3)
  3 quokkas
  2 ball pythons
  2 frilled lizards (D:2)
  9 kobolds
  7 rats
47 creatures vanquished.

Notes
Turn   | Place    | Note
-------+----------+-------------------------------------------
     0 | D:1      | SanguineChosen the Gargoyle Fighter began the quest for the
                  | Orb.
     0 | D:1      | Reached XP level 1. HP: 14/14 MP: 1/1
   298 | D:1      | Found Lytum's Distillery.
   352 | D:1      | Reached XP level 2. HP: 19/19 MP: 2/2
   533 | D:1      | Found a faded altar of an unknown god.
  1099 | D:2      | Reached XP level 3. HP: 24/24 MP: 3/3
  1618 | D:3      | Reached XP level 4. HP: 20/29 MP: 4/4
  2180 | D:3      | Found a hazy altar of Hepliaklqana.
  2707 | D:4      | HP: 1/29 [gnoll/+2 flail of draining (5)]
  2707 | D:4      | Slain by a gnoll

Illustrated notes

Levels and vault maps discovered:
D:1:      lordsloth_arrival_two_stooges, layout_basic, serial_shops,
          nicolae_shop_hallway_stairs, shapermc_ecumenical_altar_mp_vishouse,
          minmay_box_of_dots
D:2:      layout_loops_cross
D:3:      layout_loops_ring, mainiacjoe_overflow_alcove_1,
          chequers_serial_rivers_micro_e
D:4:      minmay_spotlight, layout_cave_pools, nicolae_wu_jian_wuxing_cycle,
          ebering_ghost_disaster_area, gup_sewer_entry_spiral, minivault_14,
          cheibrodos_gnoll_hut, uniq_robin

Skill      XL: |  1  2  3 |
---------------+----------+-----
Armour         | 4 |  4.4
Fighting       | 4 |  4.0
Maces & Flails | |  2.9
Dodging        | |  0.4
Shields        | |  3.6

Action                   |  1- 3 |  4- 6 || total
-------------------------+-------+-------++-------
Melee: Flail             |    88 |    53 ||   141
Throw: Dart              |     1 |       ||     1
  Use: Potion            |       |     1 ||     1
Armor: Scale mail        |    44 |    21 ||    65
Dodge: Dodged            |    45 |    23 ||    68
Block: Buckler           |    20 |     9 ||    29
